 Dungeon Crawl Stone Soup version 0.20-a0-785-g17250f0 (webtiles) character file.

37809 Duffy the Cleaver (level 13, -23/111 HPs)
             Began as a Naga Gladiator on Feb 27, 2017.
             Was the Champion of Makhleb.
             Killed from afar by an orc high priest (39 damage)
             ... with an exploding inner flame
             ... hexed by the player character
             ... on level 2 of the Orcish Mines.
             The game lasted 00:18:35 (16993 turns).

Duffy the Cleaver (Naga Gladiator)                 Turns: 16993, Time: 00:18:36

Health: -23/111    AC: 19    Str: 20      XL:     13   Next: 99%
Magic:  13/13      EV:  2    Int: 16 (17) God:    Makhleb [******]
Gold:   1748       SH: 25    Dex: 12      Spells: 12/12 levels left

rFire    . . .     SeeInvis +   a - +2 war axe (chop)
rCold    . . .     Gourm    .   G - +0 plate armour
rNeg     + . .     Faith    +   K - +7 large shield of the Orb {Int+4}
rPois    +         Spirit   .   l - +0 hat
rElec    .         Reflect  .   (no cloak)
rCorr    +         Harm     .   x - +0 pair of gloves
MR       +....     Clarity  +   z - +1 naga barding {Fly}
Stlth    ..........             A - amulet of faith
Regen    0.3/turn               r - ring of resist corrosion
MPRegen  0.2/turn               s - ring of positive energy

@: flying, very slow
A: horns 1, see invisible, clarity, clever 1, deformed body, poison resistance,
slowness 2, slow metabolism 1, spit poison 2, MP-powered wands, constrict 1, AC
+4
a: Breathe Poison Gas, Minor Destruction, Lesser Servant of Makhleb, Major
Destruction, Greater Servant of Makhleb, Renounce Religion, Stop Flying


You were on level 2 of the Orcish Mines.
You worshipped Makhleb.
Makhleb was exalted by your worship.
You were not hungry.

You visited 4 branches of the dungeon, and saw 18 of its levels.
You also visited: Ossuary and Bailey.

You collected 1748 gold pieces.

Inventory:

Hand Weapons
 a - a +2 war axe of chopping (weapon)
 b - a +0 war axe of flaming
Missiles
 d - 4 throwing nets (quivered)
 D - 4 curare-tipped needles
Armour
 c - a +1 helmet
 l - a +0 hat (worn)
 x - a +0 pair of gloves (worn)
 z - a +1 naga barding of flying (worn)
 G - a +0 plate armour (worn)
 K - the +7 large shield of the Orb (worn) {Int+4}
   (You found it on level 8 of the Dungeon)

   It affects your intelligence (+4).
Jewellery
 n - an uncursed ring of protection from cold
 r - a ring of resist corrosion (right hand)
 s - a ring of positive energy (left hand)
 A - an amulet of faith (around neck)
Wands
 o - a wand of enslavement (9/24)
 t - a wand of digging (12/24)
 E - a wand of confusion (10/48)
 L - a wand of flame (34/48)
 N - a wand of confusion (28/48)
Scrolls
 g - 5 scrolls of enchant armour
 j - 9 scrolls of teleportation
 k - 5 scrolls of recharging
 u - 3 scrolls of remove curse
 B - 2 scrolls of magic mapping
 C - 2 scrolls of identify
 F - 3 scrolls of blinking
 M - 4 scrolls of vulnerability
Potions
 e - 3 potions of agility
 h - a potion of magic
 m - 7 potions of curing
 q - 4 potions of haste
 w - 4 potions of flight
 I - 2 potions of lignification
 J - 6 potions of heal wounds
 O - a potion of resistance
Comestibles
 f - 7 bread rations
 i - 9 meat rations
 p - 5 chunks of flesh
 v - 6 royal jellies
 H - 3 fruits


   Skills:
 - Level 6.0 Fighting
 - Level 14.5 Axes
 - Level 1.7 Throwing
 - Level 6.7 Armour
 - Level 2.4 Dodging
 + Level 12.7 Shields


You had 12 spell levels left.
You didn't know any spells.

Dungeon Overview and Level Annotations

Branches:
Dungeon (11/15)            Temple (1/1) D:7            Lair (4/6) D:8
 Spider (0/4) Lair:4          Orc (2/2) D:11
  Swamp: Lair:2-4    Shoals: Lair:2-4       Elf: Orc:2

Altars:
Ashenzari
Cheibriados
Dithmenos
Elyvilon
Fedhas
Gozag
Hepliaklqana
Kikubaaqudgha
Makhleb
Nemelex Xobeh
Okawaru
Qazlal
Ru
Sif Muna
Trog
Uskayaw
Vehumet
Wu Jian
Xom
Yredelemnul
Zin
The Shining One
Beogh

Shops:
D:8 }   D:9 (   Orc:2 =[


Innate Abilities, Weirdness & Mutations

You cannot wear boots.
Your serpentine skin is tough. (AC +4)
You have supernaturally acute eyesight. (SInv)
Armour fits poorly on your strangely shaped body.
Your system is resistant to poisons. (rPois)
You cover ground very slowly.
You have a slow metabolism.
You can exhale a cloud of poison.
You can use your snake-like lower body to constrict enemies.
You have a pair of small horns on your head.
You possess an exceptional clarity of mind.
Your mind is acute. (Int +2)
You expend magic power (3 MP) to strengthen your wands.


Message History

Makhleb accepts your kill.
You hit the orc high priest.
You are engulfed in blazing flames.
The orc priest mumbles some strange prayers to Beogh against you.
Beogh smites you! You block the orc high priest's attack.
The orc priest invokes the aid of Beogh against you.
Beogh smites you!
The orc high priest is engulfed in blazing flames.
The orc high priest explodes!
You hear an explosion!
The fiery explosion engulfs the orc.
You kill the orc!
Makhleb accepts your kill.
You feel better.
The fiery explosion engulfs the orc.
You kill the orc!
Makhleb accepts your kill.
You feel better. Makhleb accepts your kill.
You feel better.
You feel a bit more experienced. The fiery explosion engulfs you!
You die... ..##.......#... .####...#.##..###### ## #....###..#\...# ### ##..#.##..# .o. ### ..####.....#..# .oo

.o..
...##.........###)##o..o.
..###........))).0ooo..8.
.....#......))###0##o....
...#.#........#.@00# ###
.........#.#..#.000#
.....#....##..#%000#
..#####....#..#\.%.# ###
###.##..###### ###...
#... ####


You could see an orc high priest (inner flame) and 6 orc priests.

Vanquished Creatures
  Gastronok (Lair:2)
  An orc warlord (Bailey)
  The ghost of Ferkelamun the Cleaver, a journeyman HOFi of Wu Jian (D:9)
  Erolcha (D:9)
  Harold (Lair:2)
  Fannar (Orc:1)
  Erica (D:9)
  A hydra (Lair:1)
  A two-headed ogre (D:8)
  Nergalle (D:10)
  An orc knight (Orc:1)
  The ghost of 100P the Carver, a novice DsFi of Gozag (D:6)
  4 orc sorcerers
  A manticore (D:11)
  3 elephants (Lair:2)
  5 spiny frogs
  A komodo dragon (D:8)
  A polar bear (Lair:4)
  2 trolls
  3 blink frogs (Lair:2)
  6 hippogriffs
  10 dream sheep (Lair:4)
  A vampire (D:10)
  Sigmund (D:4)
  2 wyverns
  A redback (Lair:4)
  Grum (Lair:1)
  14 yaks
  4 wargs
  5 water moccasins
  Duvessa (D:4)
  4 porcupines
  A swamp drake (D:8)
  16 orc warriors
  2 ice beasts
  3 sky beasts
  8 ogres
  2 black bears (D:10)
  3 phantoms
  2 centaurs
  6 wolves (Lair:1)
  8 crocodiles
  7 bullfrogs
  Dowan (D:4)
  A water moccasin zombie (Ossuary)
  2 scorpions
  8 wights
  5 howler monkeys
  2 crimson imps
  3 centaur zombies
  A quasit (D:10)
  A bullfrog skeleton (D:5)
  22 orc priests
  5 hounds
  11 mummies (Ossuary)
  12 worker ants
  Jessica (D:2)
  2 iguanas
  18 orc wizards
  2 hound zombies (Ossuary)
  A hound skeleton (D:9)
  2 howler monkey zombies
  2 worker ant zombies (Ossuary)
  Robin (D:2)
  7 gnolls
  5 adders
  A shadow imp (D:8)
  An ooze (D:4)
  3 adder zombies
  An adder skeleton (D:5)
  4 dart slugs
  7 worms
  7 leopard geckos
  107 orcs
  10 bats
  3 giant cockroaches
  18 goblins
  14 hobgoblins
  11 jackals
  4 quokkas
  2 ball pythons
  2 frilled lizards (D:4)
  3 jackal zombies
  18 kobolds
  A leopard gecko skeleton (D:6)
  A leopard gecko zombie (Ossuary)
  3 quokka skeletons
  A quokka zombie (Ossuary)
  7 rats
  A fungus (Lair:1)
485 creatures vanquished.

Vanquished Creatures (others)
  A withered plant (Ossuary)
1 creature vanquished.

Grand Total: 486 creatures vanquished

Notes
Turn   | Place    | Note
-------+----------+-------------------------------------------
     0 | D:1      | Duffy the Naga Gladiator began the quest for the Orb.
     0 | D:1      | Reached XP level 1. HP: 19/19 MP: 1/1
   282 | D:1      | Reached XP level 2. HP: 26/26 MP: 2/2
  1142 | D:1      | Reached skill level 4 in Axes
  1278 | D:2      | Reached XP level 3. HP: 32/32 MP: 3/3
  1449 | D:2      | Found a sacrificial altar of Ru.
  2198 | D:2      | Found an iron altar of Okawaru.
  2201 | D:2      | Noticed Jessica
  2248 | D:2      | Killed Jessica
  2248 | D:2      | Reached skill level 5 in Axes
  2248 | D:2      | Reached XP level 4. HP: 39/39 MP: 4/4
  2459 | D:2      | Found a radiant altar of Vehumet.
  2459 | D:2      | Found a white marble altar of Elyvilon.
  2654 | D:3      | Noticed Robin
  3008 | D:2      | Killed Robin
  3118 | D:2      | Gained mutation: You have a pair of small horns on your head. [potion of mutation]
  3118 | D:2      | Gained mutation: You do not regenerate when monsters are visible. [potion of mutation]
  3118 | D:2      | Gained mutation: Your muscles are strong. (Str +2) [potion of mutation]
  3118 | D:2      | Gained mutation: You have a pair of horns on your head. [potion of mutation]
  3119 | D:2      | Lost mutation: You do not regenerate when monsters are visible. [potion of mutation]
  3119 | D:2      | Lost mutation: You have a pair of horns on your head. [potion of mutation]
  3119 | D:2      | Lost mutation: You have a pair of small horns on your head. [potion of mutation]
  3119 | D:2      | Gained mutation: You expend magic power (3 MP) to strengthen your wands. [potion of mutation]
  3119 | D:2      | Gained mutation: Your muscles are very strong. (Str +4) [potion of mutation]
  3176 | D:3      | Reached XP level 5. HP: 45/45 MP: 5/5
  3376 | D:3      | Lost mutation: You expend magic power (3 MP) to strengthen your wands. [potion of mutation]
  3376 | D:3      | Lost mutation: Your muscles are very strong. (Str +4) [potion of mutation]
  3376 | D:3      | Gained mutation: You are resistant to hostile enchantments. (MR+) [potion of mutation]
  3376 | D:3      | Gained mutation: You are partially covered in yellow scales. (AC +2) [potion of mutation]
  3376 | D:3      | Gained mutation: Your mind is acute. (Int +2) [potion of mutation]
  3520 | D:3      | Reached skill level 6 in Axes
  3524 | D:3      | Reached XP level 6. HP: 46/55 MP: 6/6
  3631 | D:4      | Found a basalt altar of Yredelemnul.
  3675 | D:4      | Noticed Sigmund
  3692 | D:4      | Killed Sigmund
  3904 | D:4      | Reached skill level 7 in Axes
  3904 | D:4      | Reached XP level 7. HP: 62/62 MP: 7/7
  4265 | D:4      | Reached skill level 8 in Axes
  4806 | D:4      | Noticed Dowan
  4807 | D:4      | Noticed Duvessa
  4828 | D:4      | Killed Duvessa
  4828 | D:4      | Reached XP level 8. HP: 51/73 MP: 8/8
  4831 | D:4      | Killed Dowan
  5046 | D:4      | Reached skill level 5 in Fighting
  5394 | D:4      | Reached skill level 9 in Axes
  5539 | D:5      | Entered Level 5 of the Dungeon
  5716 | D:5      | Found a hide-covered altar of Uskayaw.
  5719 | D:5      | Noticed a dagger
  5720 | D:5      | Noticed a hand axe
  5756 | D:5      | Found a shadowy altar of Dithmenos.
  6561 | D:5      | Reached XP level 9. HP: 80/82 MP: 9/9
  6705 | D:6      | Reached skill level 10 in Axes
  6815 | D:6      | Found a sand-covered staircase.
  6822 | Ossuary  | Entered an ossuary
  6826 | Ossuary  | Lost mutation: Your muscles are strong. (Str +2) [potion of mutation]
  6826 | Ossuary  | Lost mutation: Your mind is acute. (Int +2) [potion of mutation]
  6826 | Ossuary  | Lost mutation: You are partially covered in yellow scales. (AC +2) [potion of mutation]
  6826 | Ossuary  | Lost mutation: You are resistant to hostile enchantments. (MR+) [potion of mutation]
  6826 | Ossuary  | Gained mutation: You are occasionally teleported next to monsters. [potion of mutation]
  6826 | Ossuary  | Gained mutation: You can exhale a cloud of poison. [potion of mutation]
  6843 | Ossuary  | Reached skill level 1 in Armour
  7486 | D:6      | Found a deep blue altar of Sif Muna.
  7493 | D:6      | Noticed 100P's ghost (novice DsFi)
  7507 | D:6      | Killed 100P's ghost
  7507 | D:6      | Reached skill level 11 in Axes
  8701 | D:7      | Found a blossoming altar of Fedhas.
  8858 | D:7      | Noticed a troll
  8863 | D:7      | Killed a troll
  9157 | D:7      | Found a staircase to the Ecumenical Temple.
  9166 | Temple   | Entered the Ecumenical Temple
  9232 | Temple   | Became a worshipper of Makhleb the Destroyer
  9414 | D:7      | Lost mutation: You are occasionally teleported next to monsters. [potion of mutation]
  9414 | D:7      | Lost mutation: You can exhale a cloud of poison. [potion of mutation]
  9414 | D:7      | Gained mutation: You can exhale a cloud of poison. [potion of mutation]
  9414 | D:7      | Gained mutation: Your mind is acute. (Int +2) [potion of mutation]
  9414 | D:7      | Gained mutation: You have a pair of small horns on your head. [potion of mutation]
  9463 | D:7      | Reached XP level 10. HP: 91/91 MP: 10/10
  9490 | D:8      | Noticed a two-headed ogre
  9495 | D:8      | Killed a two-headed ogre
  9495 | D:8      | Reached skill level 12 in Axes
  9682 | D:8      | Found Gufar's Gadget Emporium.
 10043 | D:8      | Found a staircase to the Lair.
 10530 | D:8      | Reached * piety under Makhleb
 10547 | D:8      | Reached skill level 5 in Armour
 10721 | D:8      | Reached skill level 13 in Axes
 11339 | D:8      | Got a bloodstained large shield
 11345 | D:8      | Identified the +7 large shield of the Orb {Int+4} (You found it on level 8 of the Dungeon)
 11529 | D:9      | Noticed Erolcha
 11534 | D:9      | Killed Erolcha
 11534 | D:9      | Reached skill level 1 in Shields
 11534 | D:9      | Reached XP level 11. HP: 45/97 MP: 11/11
 11659 | D:9      | Found a flagged portal.
 11665 | D:9      | Reached ** piety under Makhleb
 11672 | Bailey   | Entered a bailey
 11688 | Bailey   | Noticed an orc warlord
 11787 | Bailey   | Found a runed gate.
 11787 | Bailey   | Found a runed gate.
 11787 | Bailey   | Found a runed gate.
 11834 | Bailey   | Killed an orc warlord
 11834 | Bailey   | Reached skill level 14 in Axes
 11856 | Bailey   | Reached XP level 12. HP: 68/105 MP: 12/12
 11865 | Bailey   | Identified a scroll of acquirement
 12196 | D:9      | Found Naolor's Weapon Shop.
 12197 | D:9      | Noticed Erica
 12272 | D:9      | Killed Erica
 12274 | D:9      | Reached *** piety under Makhleb
 12510 | D:9      | Noticed Ferkelamun's ghost (journeyman HOFi)
 12542 | D:9      | Killed Ferkelamun's ghost
 12679 | D:10     | Entered Level 10 of the Dungeon
 12718 | D:10     | Gained mutation: You possess an exceptional clarity of mind. [mutagenic meat]
 12721 | D:10     | Gained mutation: You expend magic power (3 MP) to strengthen your wands. [mutagenic meat]
 12900 | D:10     | Noticed Nergalle
 12906 | D:10     | Reached **** piety under Makhleb
 12930 | D:10     | Killed Nergalle
 13346 | Lair:1   | Entered Level 1 of the Lair of Beasts
 13348 | Lair:1   | Noticed Grum
 13372 | Lair:1   | Killed Grum
 13628 | Lair:1   | Noticed a five-headed hydra
 13636 | Lair:1   | Killed a one-headed hydra
 13636 | Lair:1   | Gained mutation: You can use your snake-like lower body to constrict enemies. [Naga growth]
 13636 | Lair:1   | Reached XP level 13. HP: 111/111 MP: 13/13
 14044 | Lair:2   | Reached skill level 10 in Shields
 14228 | Lair:2   | Noticed Gastronok
 14252 | Lair:2   | Killed Gastronok
 14540 | Lair:2   | Noticed Harold
 14551 | Lair:2   | Killed Harold
 15318 | Lair:4   | Reached ***** piety under Makhleb
 15341 | Lair:4   | Found a hole to the Spider Nest.
 15881 | D:11     | Found a staircase to the Orcish Mines.
 15911 | Orc:1    | Entered Level 1 of the Orcish Mines
 16095 | Orc:1    | Noticed Fannar
 16108 | Orc:1    | Killed Fannar
 16108 | Orc:1    | Reached ****** piety under Makhleb
 16619 | Orc:1    | Found a roughly hewn altar of Beogh.
 16798 | Orc:2    | Entered Level 2 of the Orcish Mines
 16965 | Orc:2    | Found Wualalui's Armour Boutique.
 16987 | Orc:2    | Found Zieduhuz's Jewellery Shoppe.
 16993 | Orc:2    | Killed from afar by an orc high priest

Vault maps used:
D:1:      kennysheep_arrival_forest
D:2:      okawaru_trees_2, nicolae_ru_awakened_eye,
          amethyst_overflow_temple_binary, kennysheep_generic_room_15,
          uniq_jessica
D:3:      uniq_robin
D:4:      yredelemnul_altar_generic, first_bread, uniq_duvessa, uniq_sigmund
D:5:      dancing_weapons_uskayaw, nicolae_overflow_crystal_walls
D:6:      kennysheep_mini, enter_ossuary_1
D:7:      fedhas_altar_3, minmay_temple_entry_junction, minmay_misc_feat_room
D:8:      erik_lair_dragon, serial_shops, nicolae_shop_behind_doors
D:9:      enter_bailey_2, serial_shops, nicolae_shop_window_shopping,
          uniq_erica, uniq_erolcha
D:10:     uniq_nergalle
D:11:     hiddenorc2_lemuel
Temple:   nicolae_temple_god_jail
Lair:1:   uniq_grum
Lair:2:   grunt_megastairs_4, uniq_harold, uniq_gastronok
Lair:4:   minmay_swamp_entry_reptiles, spider_nest_entry_webs
Orc:1:    nicolae_orc_accident_2, nicolae_orc_stony_grotto, uniq_fannar
Orc:2:    st_orc_town, elf_legates
Ossuary:  ossuary_zaba_flooded
Bailey:   bailey_axe_bossmonster_kennysheep, bailey

Skill      XL: |  1  2  3  4  5  6  7  8  9 10 11 12 13 |
---------------+----------------------------------------+-----
Axes           | 4 5 6 7 8 9 11 13 14 | 14.5
Fighting       | 3 4 6 |  6.0
Armour         | 3 5 6 |  6.7
Shields        | 1 7 9 12 | 12.7
Throwing       | |  1.7
Dodging        | |  2.4

Action                   |  1- 3 |  4- 6 |  7- 9 | 10-12 | 13-15 || total
-------------------------+-------+-------+-------+-------+-------++-------
Melee: War axe           |   122 |   115 |   386 |   471 |   371 ||  1465
       Headbutt          |       |       |       |    94 |   112 ||   206
       Constrict         |       |       |       |       |    84 ||    84
Throw: Throwing net      |       |       |     3 |       |       ||     3
 Abil: Spit Poison       |     2 |    14 |    18 |       |       ||    34
       Breathe Poison Ga |       |       |     4 |    16 |       ||    20
  Use: Scroll            |     3 |     3 |    14 |     3 |     4 ||    27
       Potion            |       |     3 |     7 |     2 |       ||    12
  Eat: Chunk             |     3 |     5 |     6 |    14 |    10 ||    38
       Meat ration       |       |       |     2 |     1 |       ||     3
Armor: Leather armour    |    50 |       |       |       |       ||    50
       Chain mail        |    23 |   109 |   106 |       |       ||   238
       Plate armour      |       |       |   100 |   239 |    87 ||   426
Dodge: Dodged            |    71 |    56 |   117 |    32 |    12 ||   288
Block: Large shield      |       |       |       |   429 |   341 ||   770
